 Dungeon Crawl Stone Soup version 0.29.1 (webtiles) character file.

Game seed: 12591084527941885358

3173 Icepheonix32 the Summoner (level 9, -3/51 HPs)
             Began as a Merfolk Summoner on Sept 13, 2022.
             Was a Follower of Hepliaklqana.
             Killed from afar by Maggie (20 damage)
             ... with a bolt of fire
             ... on level 7 of the Dungeon.
             The game lasted 00:18:49 (7920 turns).

Icepheonix32 the Summoner (Merfolk Summoner)        Turns: 7920, Time: 00:18:50

Health: -3/51      AC:  6    Str:  8    XL:     9   Next: 95%
Magic:  8/13       EV: 14    Int: 18    God:    Hepliaklqana [*.....]
Gold:   294        SH:  0    Dex: 15    Spells: 2/13 levels left

rFire   . . .      SeeInvis +   s - +4 spear of Inference {pain, rCorr}
rCold   . . .      Faith    .   (no shield)
rNeg    . . .      Spirit   .   O - +0 steam dragon scales
rPois   .          Reflect  .   (no helmet)
rElec   .          Harm     .   (no cloak)
rCorr   +          Rampage  .   (no gloves)
Will    .....                   q - +0 pair of boots
Stlth   ++........              k - amulet of regeneration
HPRegen 0.97/turn               d - ring of see invisible
MPRegen 0.13/turn               (no ring)

@: mesmerised
A: reduced essence, (nimble swimmer 2), mertail
a: Renounce Religion, Recall Ancestor, Ancestor Identity


You were on level 7 of the Dungeon.
You worshipped Hepliaklqana.
Hepliaklqana was aware of your devotion.
You visited 2 branches of the dungeon, and saw 8 of its levels.

You collected 294 gold pieces.

Inventory:

Hand Weapons
 c - the +5 mace of Eternal Vigilance {freeze, Will+ Int+6}
   (You found it on level 6 of the Dungeon)

   It freezes those it strikes, dealing additional cold damage.
   It can also slow down cold-blooded creatures.
   Int:       It affects your intelligence (+6).
   Will:      It increases your willpower.
 g - a +2 dagger of flaming
 r - a +2 dagger of freezing
 s - the +4 spear of Inference (weapon) {pain, rCorr}
   (You found it on level 2 of the Dungeon)

   In the hands of one skilled in necromantic magic, it inflicts extra damage on
   living creatures.
   rCorr:     It protects you from acid and corrosion.
Missiles
 f - 5 boomerangs
 C - 6 poisoned darts
Armour
 q - a +0 pair of boots (worn)
 B - a +0 kite shield
 H - a +3 scale mail
 J - a +0 leather armour
 O - +0 steam dragon scales (worn)
Magical Staves
 y - a staff of earth
Jewellery
 d - a ring of see invisible (left hand)
 k - an amulet of regeneration (around neck)
 m - an amulet of faith
 D - an amulet of guardian spirit
Wands
 p - a wand of polymorph (11)
 M - a wand of roots (13)
Scrolls
 a - a scroll of identify
 e - a scroll of torment
 h - a scroll of fear
 i - 5 scrolls of immolation
 j - a scroll of blinking
 l - a scroll of poison
 u - a scroll of magic mapping
 w - a scroll of butterflies
 A - 2 scrolls of teleportation
 E - a scroll of noise
Potions
 b - a potion of magic
 n - a potion of might {unknown}
 o - a potion of haste
 x - 4 potions of curing {unknown}
 z - 2 potions of brilliance {unknown}
 F - 2 potions of resistance {unknown}
 I - a potion of ambrosia
 L - 2 potions of berserk rage {unknown}
 N - a potion of attraction {unknown}


   Skills:
 + Level 7.9 Polearms
 + Level 5.3 Dodging
 - Level 2.1 Stealth
 + Level 2.9 Spellcasting
 * Level 10.8 Summonings
 * Level 4.2 Necromancy


You had 2 spell levels left.
You knew the following spells:

 Your Spells              Type           Power      Damage    Failure   Level
a - Summon Small Mammal   Summ           100%       N/A       1%          1
b - Call Imp              Summ           41%        N/A       1%          2
c - Call Canine Familiar  Summ           41%        N/A       1%          3
d - Necrotise             Necr           72%        1d7       2%          1
e - Summon Lightning Spi  Summ/Air       22%        N/A       19%         4

Your spell library contained the following spells:

 Spells                   Type           Power      Damage    Failure   Level
 Freeze                   Ice            8%         1d3       17%         1
 Summon Guardian Golem    Hex/Summ       22%        N/A       5%          3
 Vampiric Draining        Necr           18%        2d7       9%          3
 Frozen Ramparts          Ice            4%         1d1       45%         3
 Ozocubu's Armour         Ice            2%         N/A       45%         3
 Portal Projectile        Hex/Tloc       4%         N/A       45%         3
 Tukima's Dance           Hex            2%         N/A       45%         3
 Agony                    Necr           18%        N/A       61%         5
 Hailstorm                Conj/Ice       2%         3d3       86%         4
 Blade Hands              Tmut           1%         N/A       99%         5
 Metabolic Englaciation   Hex/Ice        1%         N/A       99%         5
 Simulacrum               Ice/Necr       5%         N/A       100%        6


Dungeon Overview and Level Annotations

Branches:
Dungeon (7/15)             Temple (1/1) D:7

Altars:
Ashenzari
Dithmenos
Elyvilon
Fedhas
Gozag
Hepliaklqana
Kikubaaqudgha
Makhleb
Nemelex Xobeh
Okawaru
Qazlal
Ru
Sif Muna
Trog
Vehumet
Wu Jian
Xom
The Shining One

Shops:
D:5 *

Annotations:
D:7 Maggie


Innate Abilities, Weirdness & Mutations

Your life essence is reduced to manifest your ancestor. (-10% HP)
((You are very nimble when in or above water. (Stealth+, EV+, Speed+++)))
Your lower body shifts to a powerful aquatic tail in water.


Message History

Unknown command.
The +5 mace of Eternal Vigilance {freeze, Will+ Int+6} stops glowing.
Pain shudders through your arm!
s - the +4 spear of Inference (weapon)
{pain, rCorr} Your wolf bites Maggie.
Maggie zaps a wand.
Your wolf is charmed!
The wolf misses your rat.
Your rat misses the wolf.
Your white imp hits the wolf.
Your white imp freezes the wolf.
Nomusa closely misses the wolf.
You swap places.
The wolf bites you.
Maggie hits you from afar with a +0 halberd!
Your white imp misses the wolf.
Nomusa hits the wolf but does no damage.
Unknown command.
Reach: s) +4 spear of Inference {pain, rCorr}
Press: ? - help, Dir - move target, f - wolf
Aim: a wolf (moderately wounded, control wrested from you, summoned, about 46% to evade the +4 spear of Inference)
You hit the wolf.
The wolf writhes in agony.
The wolf is severely wounded.
The wolf disappears in a puff of smoke!
Maggie misses you.
Reach: s) +4 spear of Inference {pain, rCorr}
Press: ? - help, Dir - move target, f - Maggie
Aim: Maggie, wielding a +0 halberd, wearing +0 steam dragon scales and carrying a wand of charming (9) (lightly wounded, mesmerising, ally target, about 32% to evade the +4 spear of Inference)
You reach to attack!
You hit Maggie but do no damage.
Maggie is lightly wounded.
Maggie casts a spell at you. The bolt of fire hits your white imp!!!
Your white imp is burned terribly!
Your white imp dies!
Your white imp disappears in a puff of smoke!
The bolt of fire hits you!!
Casting: Summon Small Mammal (safe; 1% risk of failure)
Confirm with . or Enter, or press ? or * to list all spells.
Nomusa closely misses Maggie.
Maggie casts a spell at you. The bolt of fire hits your rat!
Your rat dies!
Your rat's corpse disappears in a puff of smoke!
The bolt of fire hits you!!
You die...

.....# #.#.....#
.....####.#..###########
..##+###################
..#...........°°°°°°°.##
..###################.##
..#$$$$$○°°°°°°.......##
#.######################
#.....####.##...........
#.##....##.##...@§@...#
#.##...........h.R......
.............##+#######.
#.#..........#
....#.#####..#
........###..#
#.##..#......#
#..###.......#
#.#.##.......#


You could see the friendly Nomusa the ancestor, Maggie (mesmerising, ally
target) and a friendly wolf (summoned).

Vanquished Creatures
  A troll (D:7)
  A sky beast (D:6)
  A black bear (D:5)
  An ice beast (D:6)
  A water moccasin skeleton (D:5)
  3 bullfrog zombies (D:5)
  4 hounds
  An orc priest (D:6)
  A centaur zombie (D:5)
  4 iguanas
  4 gnolls
  5 adders
  3 white imps
  3 dart slugs
  14 orcs
  5 ball pythons
  6 bats
  5 endoplasms
  4 giant cockroaches
  8 goblins
  6 hobgoblins
  5 kobolds
  4 quokkas
  3 frilled lizards (D:1)
  A rat (D:1)
  A spectral goblin (D:6)
  A bush (D:6)
96 creatures vanquished.

Vanquished Creatures (collateral kills)
  A wraith (D:7)
  2 steam dragons (D:7)
  A black bear (D:5)
  3 ice beasts
  An ogre (D:6)
  2 centaurs
  2 phantoms
  2 necrophages
  2 bullfrogs
  3 scorpions
  A water moccasin zombie (D:5)
  A jelly (D:7)
  A bullfrog zombie (D:5)
  4 hounds
  2 orc priests
  2 iguanas
  2 hound skeletons
  A howler monkey zombie (D:5)
  3 gnolls
  An adder (D:4)
  A shadow imp (D:6)
  A white imp (D:7)
  An adder skeleton (D:5)
  A dart slug (D:2)
  10 orcs
  A bat (D:3)
  2 goblins
  3 hobgoblins
  2 jackals (D:2)
  2 kobolds
  3 ball pythons
  5 frilled lizards (D:1)
69 creatures vanquished.

Vanquished Creatures (others)
  5 plants (D:1)
  2 withered plants (D:5)
7 creatures vanquished.

Grand Total: 172 creatures vanquished

Notes
Turn   | Place    | Note
-------+----------+-------------------------------------------
     0 | D:1      | Icepheonix32 the Merfolk Summoner began the quest for the
                  | Orb.
     0 | D:1      | Reached XP level 1. HP: 13/13 MP: 3/3
   389 | D:1      | Reached XP level 2. HP: 5/19 MP: 1/5
   762 | D:1      | Learned a level 2 spell: Call Imp
  1161 | D:1      | Reached XP level 3. HP: 18/24 MP: 6/6
  1449 | D:1      | Reached skill level 5 in Summonings
  2037 | D:2      | Found a bloodstained altar of Trog.
  2154 | D:2      | Identified the +4 spear of Inference {pain, rCorr}
  2186 | D:2      | Learned a level 3 spell: Call Canine Familiar
  2468 | D:2      | Reached XP level 4. HP: 30/30 MP: 4/7
  3181 | D:3      | Reached skill level 6 in Summonings
  3253 | D:3      | Reached XP level 5. HP: 35/35 MP: 8/8
  3264 | D:3      | Reached skill level 1 in Polearms
  3432 | D:3      | Learned a level 1 spell: Necrotise
  3493 | D:3      | Found a shadowy altar of Dithmenos.
  3624 | D:3      | Found a faded altar of an unknown god.
  3781 | D:4      | Reached XP level 6. HP: 29/41 MP: 1/9
  3785 | D:4      | Reached skill level 7 in Summonings
  4470 | D:4      | Reached XP level 7. HP: 23/46 MP: 8/10
  5055 | D:5      | Entered Level 5 of the Dungeon
  5068 | D:5      | Reached skill level 8 in Summonings
  5311 | D:5      | Reached XP level 8. HP: 52/52 MP: 11/11
  5439 | D:5      | Reached skill level 9 in Summonings
  5439 | D:5      | Reached skill level 1 in Necromancy
  5643 | D:5      | Found Epsiviel's Overcharged Wands.
  5669 | D:5      | Reached skill level 5 in Polearms
  5750 | D:5      | Found an ornate altar of the Wu Jian Council.
  6228 | D:6      | Identified the +5 mace of Eternal Vigilance {freeze, Will+
                  | Int+6}
  6284 | D:6      | Learned a level 4 spell: Summon Lightning Spire
  6428 | D:6      | Reached XP level 9. HP: 57/57 MP: 5/12
  6816 | D:6      | Found a hazy altar of Hepliaklqana.
  6936 | D:6      | Became a worshipper of Hepliaklqana the Forgotten
  6998 | D:6      | Reached skill level 10 in Summonings
  7009 | D:6      | Reached skill level 5 in Dodging
  7012 | D:6      | Found a burning altar of Makhleb.
  7062 | D:6      | Found a broken altar of Ashenzari.
  7244 | D:7      | Noticed a troll
  7254 | D:7      | Killed a troll
  7303 | D:7      | Found an opulent altar of Gozag.
  7328 | D:7      | Found a staircase to the Ecumenical Temple.
  7359 | Temple   | Entered the Ecumenical Temple
  7527 | D:7      | Reached * piety under Hepliaklqana
  7775 | D:7      | Found a sparkling altar of Nemelex Xobeh.
  7781 | D:7      | Found a stormy altar of Qazlal.
  7910 | D:7      | Noticed Maggie
  7920 | D:7      | Killed from afar by Maggie

Illustrated notes

Levels and vault maps discovered:
D:1:      dpeg_arrival_chambers_temple_mockup, layout_basic, minmay_lizard_king
D:2:      layout_basic, basic_altar
D:3:      layout_basic, nicolae_dithmenos_the_darkroom,
          dreamdust_ecumenical_altar_angels_and_demons
D:4:      layout_layer_cave
D:5:      layout_cave_pools, mainiacjoe_overflow_paths, serial_undead,
          serial_undead_a, serial_undead_d, serial_undead_c, serial_undead_a,
          nicolae_shop_overcharged_wands
D:6:      layout_rooms, mainiacjoe_overflow_small_starburst,
          nicolae_hepliaklqana_monster_ancestors, makhleb_blood_cavern_becter,
          kb_lookout_dungeons_type
D:7:      lemuel_ice_spiral_2, layout_rooms,
          mainiacjoe_overflow_six_doors_small, amethyst_overflow_temple_binary,
          minmay_temple_entry_statues_pillars, minivault_25,
          minmay_misc_feat_more_columns, interstate_on_off, uniq_maggie
Temple:   eino_temple_lava

Skill      XL: |  1  2  3  4  5  6  7  8  9 |
---------------+----------------------------+-----
Summonings     | 5 6 7 8 9 10 | 10.8
Polearms       | 1 2 4 6 7 |  7.9
Dodging        | 3 4 5 |  5.3
Necromancy     | 2 4 |  4.2
Stealth        | |  2.1
Spellcasting   | |  2.9

Action                   |  1- 3 |  4- 6 |  7- 9 || total
-------------------------+-------+-------+-------++-------
Melee: Unarmed           |    11 |       |       ||    11
       Dagger            |    92 |       |       ||    92
       Spear             |    14 |   132 |   307 ||   453
       Punch             |     2 |       |     3 ||     5
       Mace              |       |       |     7 ||     7
 Cast: Summon Small Mamm |     6 |     6 |     6 ||    18
       Call Imp          |    12 |     6 |    14 ||    32
       Call Canine Famil |     1 |    12 |    18 ||    31
       Necrotise         |       |       |    31 ||    31
       Summon Lightning  |       |       |     3 ||     3
  Use: Potion            |       |     2 |       ||     2
       Scroll            |       |       |    15 ||    15
 Stab: Sleeping          |     6 |     4 |     6 ||    16
       Distracted        |       |     4 |     6 ||    10
Armor: Robe              |    27 |    12 |    24 ||    63
       Skin              |       |    42 |       ||    42
       Steam dragon scal |       |       |     1 ||     1
Dodge: Dodged            |    84 |    65 |   109 ||   258
